Detroit Red Wings vs Chicago Black Hawks
(R2)
Created - Tuesday, February 10, 2026 at 07:34
Goals
|
| Detroit Red Wings |
0 |
1 |
0 |
1 |
| Chicago Black Hawks |
3 |
2 |
2 |
7 |
|
Shots
|
| Detroit Red Wings |
7 |
10 |
11 |
28 |
| Chicago Black Hawks |
9 |
20 |
8 |
37 |
|
1st period
1. Chicago Black Hawks , Lucas Raymond 10 (Noah Dobson 5, Jesper Wallstedt) at 1:59
2. Chicago Black Hawks , Leo Carlsson 14 (Ryan Lindgren 2) at 2:46
3. Chicago Black Hawks , Lucas Raymond 11 (Leo Carlsson 20) at 9:51 (PP)
Penalties :
Cutter Gauthier (DET) for Tripping (Minor) at 6:57, Shayne Gostisbehere (DET) for Tripping (Minor) at 9:37, Brent Burns (CHI) for High sticking (Minor) at 12:56
2nd period
4. Chicago Black Hawks , Trevor Zegras 7 (Shane Wright 7) at 4:02 (PP)
5. Chicago Black Hawks , Christopher Tanev 2 (Justin Faulk 11, Barrett Hayton 17) at 11:05 (PP)
6. Detroit Red Wings , Arthur Kaliyev 5 (Cole Sillinger 19, Zachary L'Heureux 10) at 11:40
Penalties :
Shayne Gostisbehere (DET) for Hooking (Minor) at 2:15, Cutter Gauthier (DET) for Tripping (Minor) at 4:26, Jamie Drysdale (DET) for Roughing (Minor) at 6:45, Nate Danielson (DET) for Close Hand On Puck (Minor) at 10:45, Shayne Gostisbehere (DET) for Holding (Minor) at 14:03
3rd period
7. Chicago Black Hawks , Shane Wright 5 (Matthew Beniers 6) at 8:17
8. Chicago Black Hawks , Matthew Beniers 6 (Barrett Hayton 18, Oliver Bjorkstrand 9) at 11:58 (PP)
Penalties :
Ryan Graves (DET) for High sticking (Minor) at 2:14, Shayne Gostisbehere (DET) for Slashing (Minor) at 6:16, Zachary L'Heureux (DET) for Hooking (Minor) at 11:21, Noah Dobson (CHI) for Holding (Minor) at 14:35
Goalie Stats
Laurent Brossoit (DET), 30 saves from 37 shots - (0.811), L, 0-7-0, 60:00 minutes
Jesper Wallstedt (CHI), 27 saves from 28 shots - (0.964), W, 9-2-0, 60:00 minutes
Players Stats for Detroit Red Wings
Player Name G A P +/- PIM S H SB GA TA FO MP PP MP PK MP
------------------------------------------------------------------------------------
Arthur Kaliyev 1 0 1 0 0 1 0 0 0 1 0/0 13:53 1:52 0:00
Brad Lambert 0 0 0 0 0 2 0 0 0 0 0/6 9:51 0:07 0:43
Cole Sillinger 0 1 1 -1 0 5 1 1 1 0 7/16 21:34 1:59 7:23
Collin Graf 0 0 0 0 0 3 1 1 1 0 1/1 20:56 1:59 7:05
Conor Timmins 0 0 0 -1 0 0 0 1 1 0 0/0 18:29 0:00 7:29
Cutter Gauthier 0 0 0 0 4 1 2 0 0 0 6/22 13:55 1:59 0:00
Dmitry Orlov 0 0 0 1 0 1 2 0 0 0 0/0 24:47 1:40 7:16
Fraser Minten 0 0 0 0 0 2 2 0 0 0 0/0 13:51 1:59 0:00
Jackson LaCombe 0 0 0 1 0 3 0 2 0 3 0/0 25:58 1:40 7:23
Jamie Drysdale 0 0 0 -2 2 1 1 2 0 0 0/0 16:59 2:18 0:20
Kasperi Kapanen 0 0 0 -1 0 0 1 0 0 0 0/0 8:09 0:00 0:00
Kevin Stenlund 0 0 0 -1 0 2 0 0 0 0 5/10 15:14 0:00 7:05
Nate Danielson 0 0 0 0 2 1 2 0 0 0 0/0 8:57 0:07 0:00
Ryan Graves 0 0 0 -1 2 0 2 0 0 0 0/0 17:23 0:00 6:23
Shayne Gostisbehere 0 0 0 -3 8 1 2 2 0 1 0/0 16:29 2:18 0:53
Tanner Pearson 0 0 0 -1 0 1 0 0 0 0 0/1 8:09 0:00 0:00
Vasili Podkolzin 0 0 0 0 0 2 0 2 0 0 1/1 9:21 0:00 0:24
Zachary L'Heureux 0 1 1 -1 2 2 1 1 0 0 1/1 21:03 1:52 7:04
Players Stats for Chicago Black Hawks
Player Name G A P +/- PIM S H SB GA TA FO MP PP MP PK MP
------------------------------------------------------------------------------------
Barrett Hayton 0 2 2 0 0 4 1 0 1 1 16/22 20:17 7:06 1:56
Bobby Brink 0 0 0 0 0 0 1 1 0 0 0/0 8:02 0:00 0:00
Brent Burns 0 0 0 -1 2 0 0 1 0 1 0/0 24:55 7:28 0:58
Brett Howden 0 0 0 0 0 2 1 0 0 0 5/9 9:00 0:00 0:06
Christopher Tanev 1 0 1 0 0 2 0 1 0 0 0/0 21:42 7:24 1:57
Eeli Tolvanen 0 0 0 2 0 0 0 0 0 0 0/0 9:52 0:20 0:00
Justin Faulk 0 1 1 0 0 2 1 0 0 0 0/0 22:39 7:24 1:34
Kevin Fiala 0 0 0 0 0 1 1 0 0 1 2/4 20:48 7:07 1:56
Leo Carlsson 1 1 2 0 0 2 0 0 0 0 9/14 20:48 7:07 1:56
Lucas Raymond 2 0 2 0 0 7 1 0 1 0 0/0 20:48 7:07 1:56
Matthew Beniers 1 1 2 1 0 2 1 0 0 0 5/9 16:45 7:22 0:00
Noah Dobson 0 1 1 3 2 1 0 0 0 0 0/0 12:58 0:00 0:04
Oliver Bjorkstrand 0 1 1 0 0 5 2 0 1 0 0/0 18:21 7:06 0:00
Ryan Lindgren 0 1 1 3 0 0 0 2 0 0 0/0 12:33 0:00 0:59
Ryan Suzuki 0 0 0 0 0 3 0 0 0 0 0/0 11:06 0:00 0:00
Shane Wright 1 1 2 2 0 1 1 1 2 0 0/0 10:14 0:42 0:00
Trevor Zegras 1 0 1 1 0 4 0 1 0 0 0/0 9:25 0:39 0:06
Zachary Werenski 0 0 0 -1 0 1 0 0 0 0 0/0 25:47 7:28 2:24
3 Stars
1 - Shane Wright (CHI)
2 - Lucas Raymond (CHI)
3 - Matthew Beniers (CHI)
Power Play
Detroit Red Wings - 0 on 2 Attempt(s) - 0.00%
Chicago Black Hawks - 4 on 10 Attempt(s) - 40.00%
Penalty Kill
Detroit Red Wings - 6 on 10 Attempt(s) - 60.00%
- Score 0 goal in Penalty Kill
Chicago Black Hawks - 2 on 2 Attempt(s) - 100.00%
- Score 0 goal in Penalty Kill
Team Stat
Detroit Red Wings - Hits : 17 - Faceoff Wins : 21 - Blocked Shots : 12 - Penalty Minutes : 20
Chicago Black Hawks - Hits : 10 - Faceoff Wins : 37 - Blocked Shots : 7 - Penalty Minutes : 4
Official
Referees : Ian Walsh and Chris Rooney
Linesman : Ben O'Quinn and Steve Barton
Game Notes
No Game Note
Finance
Level 1 -- Attendance: 4643 (77.38%) -- Ticket Income $464,300
Level 2 -- Attendance: 3644 (72.88%) -- Ticket Income $218,640
Level 3 -- Attendance: 2445 (81.50%) -- Ticket Income $85,575
Level 4 -- Attendance: 3928 (78.56%) -- Ticket Income $98,200
Luxury Box -- Attendance: 786 (78.60%) -- Ticket Income $157,200
Game was played at the United Center.
Total Attendance: 15446 (77.23%)
Total Ticket Income: $1,023,915
Other Income: $358,370
Total Income: $1,382,285
Detroit Red Wings
5 vs 5 Forward
Center Left Wing Right Wing Time % Phy DF OF
1 Cutter Gauthier Fraser Minten Collin Graf 35 1 1 3
2 Cole Sillinger Zachary L'Heureux Arthur Kaliyev 35 1 1 3
3 Kevin Stenlund Kasperi Kapanen Tanner Pearson 20 1 2 2
4 Brad Lambert Nate Danielson Vasili Podkolzin 10 2 2 1
5 vs 5 Defense
Defense Defense Time % Phy DF OF
1 Jackson LaCombe Dmitry Orlov 40 1 2 2
2 Shayne Gostisbehere Jamie Drysdale 30 1 2 2
3 Conor Timmins Ryan Graves 20 2 2 1
4 Jamie Drysdale Jackson LaCombe 10 1 2 2
PowerPlay Forward
Center Left Wing Right Wing Time % Phy DF OF
1 Cutter Gauthier Fraser Minten Collin Graf 50 1 1 3
2 Cole Sillinger Zachary L'Heureux Arthur Kaliyev 50 0 1 3
PowerPlay Defense
Defense Defense Time % Phy DF OF
1 Jackson LaCombe Dmitry Orlov 50 1 2 2
2 Shayne Gostisbehere Jamie Drysdale 50 1 2 2
Penalty Kill 4 Players Forward
Center Wing Time % Phy DF OF
1 Kevin Stenlund Collin Graf 50 2 2 1
2 Cole Sillinger Zachary L'Heureux 50 2 2 1
Penalty Kill 4 Players Defense
Defense Defense Time % Phy DF OF
1 Jackson LaCombe Dmitry Orlov 50 1 2 2
2 Conor Timmins Ryan Graves 50 1 2 2
Penalty Kill - 3 Players Forward
Forward Time % Phy DF OF
1 Kevin Stenlund 50 1 2 2
2 Cole Sillinger 50 1 2 2
Penalty Kill - 3 Players Defense
Defense Defense Time % Phy DF OF
1 Jackson LaCombe Dmitry Orlov 50 1 2 2
2 Conor Timmins Ryan Graves 50 2 2 1
4 vs 4 Forward
Center Wing Time % Phy DF OF
1 Cutter Gauthier Collin Graf 60 1 2 2
2 Cole Sillinger Zachary L'Heureux 40 1 1 3
4 vs 4 Defense
Defense Defense Time % Phy DF OF
1 Jackson LaCombe Dmitry Orlov 60 1 2 2
2 Shayne Gostisbehere Jamie Drysdale 40 1 2 2
Last Minutes Offensive
Center Left Wing Right Wing Defense Defense
Cole Sillinger Cutter Gauthier Collin Graf Jackson LaCombe Dmitry Orlov
Last Minutes Defensive
Center Left Wing Right Wing Defense Defense
Cole Sillinger Cutter Gauthier Collin Graf Jackson LaCombe Dmitry Orlov
Goaltenders
Starting : Laurent Brossoit
Backup : Sergei Bobrovsky
Extra Forwards
Normal : Brad Lambert, Nate Danielson, Tanner Pearson - PP : Brad Lambert, Nate Danielson - PK : Brad Lambert
Extra Defensemen
Normal : Shayne Gostisbehere, Jamie Drysdale, Jackson LaCombe - PP : Shayne Gostisbehere - PK : Shayne Gostisbehere, Jamie Drysdale
Penalty Shots
Cutter Gauthier, Collin Graf, Cole Sillinger, Nate Danielson, Brad Lambert
Scratches
Jayden Struble (Healthy), Christian Fischer (Healthy), Vitek Vanecek (Healthy)
Chicago Black Hawks
5 vs 5 Forward
Center Left Wing Right Wing Time % Phy DF OF
1 Leo Carlsson Lucas Raymond Kevin Fiala 30 1 2 2
2 Barrett Hayton Ryan Suzuki Oliver Bjorkstrand 30 1 2 2
3 Matthew Beniers Shane Wright Eeli Tolvanen 25 1 2 2
4 Brett Howden Trevor Zegras Bobby Brink 15 1 2 2
5 vs 5 Defense
Defense Defense Time % Phy DF OF
1 Zachary Werenski Brent Burns 30 1 2 2
2 Justin Faulk Christopher Tanev 30 1 2 2
3 Noah Dobson Ryan Lindgren 25 1 2 2
4 Zachary Werenski Brent Burns 15 1 2 2
PowerPlay Forward
Center Left Wing Right Wing Time % Phy DF OF
1 Leo Carlsson Lucas Raymond Kevin Fiala 50 1 2 2
2 Barrett Hayton Matthew Beniers Oliver Bjorkstrand 50 1 2 2
PowerPlay Defense
Defense Defense Time % Phy DF OF
1 Zachary Werenski Brent Burns 50 1 2 2
2 Justin Faulk Christopher Tanev 50 1 2 2
Penalty Kill 4 Players Forward
Center Wing Time % Phy DF OF
1 Leo Carlsson Lucas Raymond 50 1 2 2
2 Kevin Fiala Barrett Hayton 50 1 2 2
Penalty Kill 4 Players Defense
Defense Defense Time % Phy DF OF
1 Zachary Werenski Brent Burns 50 1 2 2
2 Justin Faulk Christopher Tanev 50 1 2 2
Penalty Kill - 3 Players Forward
Forward Time % Phy DF OF
1 Leo Carlsson 50 1 2 2
2 Lucas Raymond 50 1 2 2
Penalty Kill - 3 Players Defense
Defense Defense Time % Phy DF OF
1 Zachary Werenski Brent Burns 50 1 2 2
2 Justin Faulk Christopher Tanev 50 1 2 2
4 vs 4 Forward
Center Wing Time % Phy DF OF
1 Leo Carlsson Lucas Raymond 50 1 2 2
2 Kevin Fiala Barrett Hayton 50 1 2 2
4 vs 4 Defense
Defense Defense Time % Phy DF OF
1 Zachary Werenski Brent Burns 50 1 2 2
2 Justin Faulk Christopher Tanev 50 1 2 2
Last Minutes Offensive
Center Left Wing Right Wing Defense Defense
Leo Carlsson Lucas Raymond Kevin Fiala Zachary Werenski Brent Burns
Last Minutes Defensive
Center Left Wing Right Wing Defense Defense
Leo Carlsson Lucas Raymond Kevin Fiala Zachary Werenski Brent Burns
Goaltenders
Starting : Jesper Wallstedt
Backup : Filip Gustavsson
Extra Forwards
Normal : Matthew Beniers, Shane Wright, Brett Howden - PP : Matthew Beniers, Shane Wright - PK : Brett Howden
Extra Defensemen
Normal : Noah Dobson, Ryan Lindgren, Justin Faulk - PP : Noah Dobson - PK : Ryan Lindgren, Justin Faulk
Penalty Shots
Leo Carlsson, Lucas Raymond, Kevin Fiala, Barrett Hayton, Oliver Bjorkstrand
Scratches
Simon Nemec (Healthy), Trevor Lewis (Healthy)
% Time on Ice - Detroit Red Wings
Lines # - Real PCT - Wanted PCT - Time Play
Normal Forward
1 - 29% - 35% - 11:57
2 - 30% - 35% - 12:17
3 - 20% - 20% - 8:09
4 - 21% - 10% - 8:47
Normal Defense
1 - 39% - 40% - 15:51
2 - 33% - 30% - 13:39
3 - 26% - 20% - 10:52
4 - 2% - 10% - 0:48
PP Forward
1 - 50% - 50% - 1:59
2 - 50% - 50% - 1:59
PP Defense
1 - 42% - 50% - 1:40
2 - 58% - 50% - 2:18
PK Forward
1 - 50% - 50% - 7:26
2 - 50% - 50% - 7:26
PK Defense
1 - 49% - 50% - 7:16
2 - 51% - 50% - 7:36
PK3 Forward
1 - 0% - 50%
2 - 0% - 50%
PK3 Defense
1 - 0% - 50%
2 - 0% - 50%
44 Forward
1 - 0% - 60%
2 - 0% - 40%
44 Defense
1 - 0% - 60%
2 - 0% - 40%
Last Minute Offensive - 0:00
Last Minute Defensive - 0:00
Total
Forward - 60:00
Defense - 60:00
|
% Time on Ice - Chicago Black Hawks
Lines # - Real PCT - Wanted PCT - Time Play
Normal Forward
1 - 29% - 30% - 11:46
2 - 29% - 30% - 11:52
3 - 23% - 25% - 9:30
4 - 20% - 15% - 8:02
Normal Defense
1 - 30% - 30% - 12:27
2 - 33% - 30% - 13:41
3 - 28% - 25% - 11:34
4 - 8% - 15% - 3:28
PP Forward
1 - 50% - 50% - 7:26
2 - 50% - 50% - 7:26
PP Defense
1 - 50% - 50% - 7:28
2 - 50% - 50% - 7:24
PK Forward
1 - 50% - 50% - 1:58
2 - 50% - 50% - 2:00
PK Defense
1 - 61% - 50% - 2:24
2 - 39% - 50% - 1:34
PK3 Forward
1 - 0% - 50%
2 - 0% - 50%
PK3 Defense
1 - 0% - 50%
2 - 0% - 50%
44 Forward
1 - 0% - 50%
2 - 0% - 50%
44 Defense
1 - 0% - 50%
2 - 0% - 50%
Last Minute Offensive - 0:00
Last Minute Defensive - 0:00
Total
Forward - 60:00
Defense - 60:00
|
Play-by-Play
1st period
0:01 of 1st period - Leo Carlsson wins face-off versus Cutter Gauthier in neutral zone.
0:03 of 1st period - Off-side.
0:04 of 1st period - Leo Carlsson wins face-off versus Cutter Gauthier in neutral zone.
0:13 of 1st period - Backhand shot by Leo Carlsson.
0:13 of 1st period - Stopped by Laurent Brossoit with a rebound.
1:59 of 1st period - Snap shot by Lucas Raymond.
1:59 of 1st period - Goal by Lucas Raymond - Detroit Red Wings : 0 - Chicago Black Hawks : 1.
2:00 of 1st period - Barrett Hayton wins face-off versus Cole Sillinger in neutral zone.
2:25 of 1st period - Zachary Werenski is hit by Shayne Gostisbehere and loses puck.
2:44 of 1st period - Backhand shot by Leo Carlsson.
2:44 of 1st period - Shot Misses the Net.
2:46 of 1st period - Wrist shot by Leo Carlsson.
2:46 of 1st period - Goal by Leo Carlsson - Detroit Red Wings : 0 - Chicago Black Hawks : 2.
2:47 of 1st period - Cole Sillinger wins face-off versus Barrett Hayton in neutral zone.
3:14 of 1st period - Justin Faulk is hit by Ryan Graves and loses puck.
3:55 of 1st period - Snap shot by Brett Howden.
3:55 of 1st period - Stopped by Laurent Brossoit without a rebound.
3:56 of 1st period - Kevin Stenlund wins face-off versus Brett Howden in Detroit Red Wings zone.
4:09 of 1st period - Wrist shot by Trevor Zegras.
4:09 of 1st period - Stopped by Laurent Brossoit with a rebound.
4:26 of 1st period - Snap shot by Oliver Bjorkstrand.
4:26 of 1st period - Shot Misses the Net.
4:41 of 1st period - Icing by Matthew Beniers.
4:42 of 1st period - Cutter Gauthier wins face-off versus Leo Carlsson in Chicago Black Hawks zone.
4:49 of 1st period - Snap shot by Collin Graf.
4:49 of 1st period - Shot Blocked by Ryan Lindgren.
4:51 of 1st period - Wrist shot by Fraser Minten.
4:51 of 1st period - Stopped by Jesper Wallstedt without a rebound.
4:52 of 1st period - Cutter Gauthier wins face-off versus Barrett Hayton in Chicago Black Hawks zone.
5:07 of 1st period - Wrist shot by Barrett Hayton.
5:07 of 1st period - Stopped by Laurent Brossoit with a rebound.
5:29 of 1st period - Slapshot by Cole Sillinger.
5:29 of 1st period - Stopped by Jesper Wallstedt without a rebound.
5:30 of 1st period - Leo Carlsson wins face-off versus Brad Lambert in Chicago Black Hawks zone.
5:39 of 1st period - Wrist shot by Lucas Raymond.
5:39 of 1st period - Shot Blocked by Shayne Gostisbehere.
5:41 of 1st period - Slapshot by Christopher Tanev.
5:41 of 1st period - Deflect By Leo Carlsson.
5:41 of 1st period - Shot Misses the Net.
5:41 of 1st period - Puck is out of play.
5:42 of 1st period - Barrett Hayton wins face-off versus Cole Sillinger in Detroit Red Wings zone.
5:57 of 1st period - Backhand shot by Barrett Hayton.
5:57 of 1st period - Stopped by Laurent Brossoit without a rebound.
5:58 of 1st period - Matthew Beniers wins face-off versus Cutter Gauthier in Detroit Red Wings zone.
6:09 of 1st period - Snap shot by Shane Wright.
6:09 of 1st period - Shot Misses the Net.
6:42 of 1st period - Snap shot by Kevin Stenlund.
6:42 of 1st period - Shot Blocked by Trevor Zegras.
6:44 of 1st period - Slapshot by Jackson LaCombe.
6:44 of 1st period - Stopped by Jesper Wallstedt with a rebound.
6:46 of 1st period - Wrist shot by Kevin Stenlund.
6:46 of 1st period - Stopped by Jesper Wallstedt without a rebound.
6:47 of 1st period - Brett Howden wins face-off versus Cutter Gauthier in Chicago Black Hawks zone.
6:57 of 1st period - Minor Penalty to Cutter Gauthier for Tripping.
6:58 of 1st period - Kevin Stenlund wins face-off versus Kevin Fiala in Detroit Red Wings zone.
7:30 of 1st period - Snap shot by Kevin Stenlund.
7:30 of 1st period - Stopped by Jesper Wallstedt with a rebound.
8:57 of 1st period - Penalty to Cutter Gauthier is over, Cutter Gauthier is back on ice.
9:37 of 1st period - Minor Penalty to Shayne Gostisbehere for Tripping.
9:38 of 1st period - Leo Carlsson wins face-off versus Cole Sillinger in Detroit Red Wings zone.
9:51 of 1st period - Wrist shot by Lucas Raymond.
9:51 of 1st period - Goal by Lucas Raymond - Detroit Red Wings : 0 - Chicago Black Hawks : 3.
9:52 of 1st period - Kevin Fiala wins face-off versus Cole Sillinger in neutral zone.
10:45 of 1st period - Shayne Gostisbehere is hit by Brett Howden and loses puck.
11:07 of 1st period - Snap shot by Cole Sillinger.
11:07 of 1st period - Stopped by Jesper Wallstedt with a rebound.
11:09 of 1st period - Wrist shot by Cole Sillinger.
11:09 of 1st period - Shot Misses the Net.
11:13 of 1st period - Wrist shot by Zachary L'Heureux.
11:13 of 1st period - Shot Hit the Post.
11:15 of 1st period - Snap shot by Shayne Gostisbehere.
11:15 of 1st period - Deflect By Justin Faulk.
11:15 of 1st period - Stopped by Jesper Wallstedt without a rebound.
11:16 of 1st period - Kevin Fiala wins face-off versus Cutter Gauthier in Chicago Black Hawks zone.
12:40 of 1st period - Icing by Brent Burns.
12:41 of 1st period - Leo Carlsson wins face-off versus Brad Lambert in Chicago Black Hawks zone.
12:56 of 1st period - Minor Penalty to Brent Burns for High sticking.
12:57 of 1st period - Leo Carlsson wins face-off versus Cutter Gauthier in Chicago Black Hawks zone.
13:24 of 1st period - Leo Carlsson is hit by Cole Sillinger and loses puck.
14:56 of 1st period - Penalty to Brent Burns is over, Brent Burns is back on ice.
15:23 of 1st period - Justin Faulk is hit by Kasperi Kapanen and loses puck.
15:44 of 1st period - Snap shot by Nate Danielson.
15:44 of 1st period - Shot Misses the Net.
15:56 of 1st period - Snap shot by Barrett Hayton.
15:56 of 1st period - Shot Blocked by Zachary L'Heureux.
16:16 of 1st period - Kevin Fiala is hit by Nate Danielson and loses puck.
16:31 of 1st period - Slapshot by Eeli Tolvanen.
16:31 of 1st period - Shot Misses the Net.
17:39 of 1st period - Icing by Dmitry Orlov.
17:40 of 1st period - Zachary L'Heureux wins face-off versus Leo Carlsson in Detroit Red Wings zone.
18:06 of 1st period - Jamie Drysdale is hit by Oliver Bjorkstrand and loses puck.
19:03 of 1st period - Backhand shot by Collin Graf.
19:03 of 1st period - Shot Blocked by Bobby Brink.
19:17 of 1st period - Wrist shot by Lucas Raymond.
19:17 of 1st period - Stopped by Laurent Brossoit with a rebound.
19:25 of 1st period - Snap shot by Lucas Raymond.
19:25 of 1st period - Shot Misses the Net.
19:35 of 1st period - Noah Dobson is hit by Dmitry Orlov and loses puck.
19:44 of 1st period - Nate Danielson is hit by Barrett Hayton and loses puck.
Goals for this period are 0 for Detroit Red Wings vs 3 for Chicago Black Hawks.
Shots for this period are 7 for Detroit Red Wings vs 9 for Chicago Black Hawks.
2nd period
0:01 of 2nd period - Collin Graf wins face-off versus Leo Carlsson in neutral zone.
0:04 of 2nd period - Wrist shot by Cutter Gauthier.
0:04 of 2nd period - Stopped by Jesper Wallstedt with a rebound.
0:28 of 2nd period - Wrist shot by Barrett Hayton.
0:28 of 2nd period - Stopped by Laurent Brossoit with a rebound.
0:30 of 2nd period - Snap shot by Barrett Hayton.
0:30 of 2nd period - Shot Blocked by Jackson LaCombe.
0:32 of 2nd period - Wrist shot by Oliver Bjorkstrand.
0:32 of 2nd period - Shot Misses the Net.
0:34 of 2nd period - Snap shot by Ryan Suzuki.
0:34 of 2nd period - Stopped by Laurent Brossoit without a rebound.
0:35 of 2nd period - Barrett Hayton wins face-off versus Cole Sillinger in Detroit Red Wings zone.
0:42 of 2nd period - Slapshot by Oliver Bjorkstrand.
0:42 of 2nd period - Stopped by Laurent Brossoit with a rebound.
0:44 of 2nd period - Slapshot by Christopher Tanev.
0:44 of 2nd period - Shot Blocked by Jamie Drysdale.
0:46 of 2nd period - Wrist shot by Oliver Bjorkstrand.
0:46 of 2nd period - Shot Misses the Net.
0:48 of 2nd period - Slapshot by Barrett Hayton.
0:48 of 2nd period - Stopped by Laurent Brossoit with a rebound.
1:21 of 2nd period - Kevin Fiala is hit by Nate Danielson and loses puck.
1:58 of 2nd period - Slapshot by Leo Carlsson.
1:58 of 2nd period - Shot Misses the Net.
2:06 of 2nd period - Wrist shot by Lucas Raymond.
2:06 of 2nd period - Shot Blocked by Cole Sillinger.
2:08 of 2nd period - Wrist shot by Lucas Raymond.
2:08 of 2nd period - Stopped by Laurent Brossoit with a rebound.
2:10 of 2nd period - Slapshot by Leo Carlsson.
2:10 of 2nd period - Deflect By Kevin Fiala.
2:10 of 2nd period - Shot Misses the Net.
2:10 of 2nd period - Puck is out of play.
2:11 of 2nd period - Barrett Hayton wins face-off versus Cutter Gauthier in Detroit Red Wings zone.
2:15 of 2nd period - Minor Penalty to Shayne Gostisbehere for Hooking.
2:16 of 2nd period - Barrett Hayton wins face-off versus Kevin Stenlund in Detroit Red Wings zone.
2:31 of 2nd period - Collin Graf is hit by Justin Faulk and loses puck.
4:02 of 2nd period - Wrist shot by Trevor Zegras.
4:02 of 2nd period - Goal by Trevor Zegras - Detroit Red Wings : 0 - Chicago Black Hawks : 4.
4:03 of 2nd period - Cutter Gauthier wins face-off versus Brett Howden in neutral zone.
4:06 of 2nd period - Wrist shot by Fraser Minten.
4:06 of 2nd period - Shot Misses the Net.
4:08 of 2nd period - Wrist shot by Collin Graf.
4:08 of 2nd period - Stopped by Jesper Wallstedt without a rebound.
4:09 of 2nd period - Cutter Gauthier wins face-off versus Brett Howden in Chicago Black Hawks zone.
4:14 of 2nd period - Wrist shot by Collin Graf.
4:14 of 2nd period - Stopped by Jesper Wallstedt with a rebound.
4:16 of 2nd period - Slapshot by Jackson LaCombe.
4:16 of 2nd period - Stopped by Jesper Wallstedt without a rebound.
4:17 of 2nd period - Barrett Hayton wins face-off versus Cutter Gauthier in Chicago Black Hawks zone.
4:17 of 2nd period - Barrett Hayton is hit by Cutter Gauthier.
4:26 of 2nd period - Minor Penalty to Cutter Gauthier for Tripping.
4:27 of 2nd period - Kevin Stenlund wins face-off versus Barrett Hayton in Detroit Red Wings zone.
5:04 of 2nd period - Wrist shot by Kevin Fiala.
5:04 of 2nd period - Stopped by Laurent Brossoit with a rebound.
6:26 of 2nd period - Penalty to Cutter Gauthier is over, Cutter Gauthier is back on ice.
6:38 of 2nd period - Slapshot by Jamie Drysdale.
6:38 of 2nd period - Stopped by Jesper Wallstedt without a rebound.
6:39 of 2nd period - Brett Howden wins face-off versus Brad Lambert in Chicago Black Hawks zone.
6:45 of 2nd period - Minor Penalty to Jamie Drysdale for Roughing.
6:46 of 2nd period - Barrett Hayton wins face-off versus Kevin Stenlund in Detroit Red Wings zone.
8:45 of 2nd period - Penalty to Jamie Drysdale is over, Jamie Drysdale is back on ice.
8:55 of 2nd period - Snap shot by Brett Howden.
8:55 of 2nd period - Stopped by Laurent Brossoit without a rebound.
8:56 of 2nd period - Brett Howden wins face-off versus Cutter Gauthier in Detroit Red Wings zone.
9:25 of 2nd period - Shane Wright is hit by Jamie Drysdale and loses puck.
10:10 of 2nd period - Snap shot by Lucas Raymond.
10:10 of 2nd period - Shot Blocked by Conor Timmins.
10:26 of 2nd period - Slapshot by Trevor Zegras.
10:26 of 2nd period - Shot Blocked by Vasili Podkolzin.
10:45 of 2nd period - Minor Penalty to Nate Danielson for Close Hand On Puck.
10:46 of 2nd period - Barrett Hayton wins face-off versus Kevin Stenlund in Detroit Red Wings zone.
10:53 of 2nd period - Snap shot by Oliver Bjorkstrand.
10:53 of 2nd period - Stopped by Laurent Brossoit without a rebound.
10:54 of 2nd period - Kevin Stenlund wins face-off versus Matthew Beniers in Detroit Red Wings zone.
11:05 of 2nd period - Snap shot by Christopher Tanev.
11:05 of 2nd period - Deflect By Jackson LaCombe.
11:05 of 2nd period - Goal by Christopher Tanev - Detroit Red Wings : 0 - Chicago Black Hawks : 5.
11:06 of 2nd period - Barrett Hayton wins face-off versus Cutter Gauthier in neutral zone.
11:09 of 2nd period - Slapshot by Justin Faulk.
11:09 of 2nd period - Deflect By Ryan Suzuki.
11:09 of 2nd period - Stopped by Laurent Brossoit with a rebound.
11:11 of 2nd period - Wrist shot by Oliver Bjorkstrand.
11:11 of 2nd period - Shot Misses the Net.
11:13 of 2nd period - Snap shot by Oliver Bjorkstrand.
11:13 of 2nd period - Stopped by Laurent Brossoit with a rebound.
11:15 of 2nd period - Slapshot by Christopher Tanev.
11:15 of 2nd period - Stopped by Laurent Brossoit with a rebound.
11:38 of 2nd period - Slapshot by Zachary L'Heureux.
11:38 of 2nd period - Deflect By Cole Sillinger.
11:38 of 2nd period - Deflect By Lucas Raymond.
11:38 of 2nd period - Stopped by Jesper Wallstedt with a rebound.
11:40 of 2nd period - Snap shot by Arthur Kaliyev.
11:40 of 2nd period - Goal by Arthur Kaliyev - Detroit Red Wings : 1 - Chicago Black Hawks : 5.
11:41 of 2nd period - Barrett Hayton wins face-off versus Cutter Gauthier in neutral zone.
11:43 of 2nd period - Off-side.
11:44 of 2nd period - Barrett Hayton wins face-off versus Cutter Gauthier in neutral zone.
11:47 of 2nd period - Slapshot by Zachary Werenski.
11:47 of 2nd period - Deflect By Cutter Gauthier.
11:47 of 2nd period - Stopped by Laurent Brossoit with a rebound.
13:35 of 2nd period - Snap shot by Brad Lambert.
13:35 of 2nd period - Shot Misses the Net.
13:47 of 2nd period - Snap shot by Lucas Raymond.
13:47 of 2nd period - Stopped by Laurent Brossoit with a rebound.
13:53 of 2nd period - Snap shot by Kevin Stenlund.
13:53 of 2nd period - Shot Blocked by Ryan Lindgren.
13:55 of 2nd period - Wrist shot by Tanner Pearson.
13:55 of 2nd period - Stopped by Jesper Wallstedt without a rebound.
13:56 of 2nd period - Barrett Hayton wins face-off versus Cutter Gauthier in Chicago Black Hawks zone.
13:56 of 2nd period - Barrett Hayton is hit by Fraser Minten.
14:03 of 2nd period - Minor Penalty to Shayne Gostisbehere for Holding.
14:04 of 2nd period - Cole Sillinger wins face-off versus Kevin Fiala in Detroit Red Wings zone.
14:04 of 2nd period - Cole Sillinger is hit by Kevin Fiala.
14:37 of 2nd period - Snap shot by Zachary Werenski.
14:37 of 2nd period - Deflect By Matthew Beniers.
14:37 of 2nd period - Shot Misses the Net.
14:37 of 2nd period - Puck is out of play.
14:38 of 2nd period - Barrett Hayton wins face-off versus Kevin Stenlund in Detroit Red Wings zone.
14:39 of 2nd period - Wrist shot by Oliver Bjorkstrand.
14:39 of 2nd period - Stopped by Laurent Brossoit without a rebound.
14:40 of 2nd period - Cole Sillinger wins face-off versus Barrett Hayton in Detroit Red Wings zone.
14:53 of 2nd period - Slapshot by Justin Faulk.
14:53 of 2nd period - Stopped by Laurent Brossoit with a rebound.
15:39 of 2nd period - Conor Timmins is hit by Matthew Beniers and loses puck.
16:03 of 2nd period - Penalty to Shayne Gostisbehere is over, Shayne Gostisbehere is back on ice.
16:10 of 2nd period - Icing by Dmitry Orlov.
16:11 of 2nd period - Brett Howden wins face-off versus Brad Lambert in Detroit Red Wings zone.
16:18 of 2nd period - Wrist shot by Brett Howden.
16:18 of 2nd period - Shot Misses the Net.
16:20 of 2nd period - Snap shot by Ryan Lindgren.
16:20 of 2nd period - Shot Blocked by Vasili Podkolzin.
16:22 of 2nd period - Snap shot by Trevor Zegras.
16:22 of 2nd period - Stopped by Laurent Brossoit without a rebound.
16:23 of 2nd period - Barrett Hayton wins face-off versus Cutter Gauthier in Detroit Red Wings zone.
17:06 of 2nd period - Icing by Zachary L'Heureux.
17:07 of 2nd period - Matthew Beniers wins face-off versus Tanner Pearson in Detroit Red Wings zone.
17:08 of 2nd period - Snap shot by Shane Wright.
17:08 of 2nd period - Deflect By Matthew Beniers.
17:08 of 2nd period - Stopped by Laurent Brossoit with a rebound.
17:20 of 2nd period - Snap shot by Tanner Pearson.
17:20 of 2nd period - Shot Misses the Net.
17:36 of 2nd period - Ryan Suzuki is hit by Fraser Minten and loses puck.
17:45 of 2nd period - Wrist shot by Collin Graf.
17:45 of 2nd period - Shot Misses the Net.
17:47 of 2nd period - Snap shot by Dmitry Orlov.
17:47 of 2nd period - Stopped by Jesper Wallstedt with a rebound.
17:49 of 2nd period - Snap shot by Collin Graf.
17:49 of 2nd period - Stopped by Jesper Wallstedt with a rebound.
18:07 of 2nd period - Kevin Fiala is hit by Shayne Gostisbehere and loses puck.
18:57 of 2nd period - Snap shot by Matthew Beniers.
18:57 of 2nd period - Shot Hit the Post.
18:59 of 2nd period - Wrist shot by Noah Dobson.
18:59 of 2nd period - Shot Misses the Net.
19:01 of 2nd period - Slapshot by Ryan Suzuki.
19:01 of 2nd period - Stopped by Laurent Brossoit with a rebound.
19:58 of 2nd period - Slapshot by Jackson LaCombe.
19:58 of 2nd period - Shot Misses the Net.
Goals for this period are 1 for Detroit Red Wings vs 2 for Chicago Black Hawks.
Shots for this period are 10 for Detroit Red Wings vs 20 for Chicago Black Hawks.
3rd period
0:01 of 3rd period - Cutter Gauthier wins face-off versus Leo Carlsson in neutral zone.
0:26 of 3rd period - Zachary Werenski is hit by Zachary L'Heureux and loses puck.
0:46 of 3rd period - Off-side.
0:47 of 3rd period - Brett Howden wins face-off versus Kevin Stenlund in neutral zone.
0:54 of 3rd period - Kevin Stenlund is hit by Bobby Brink.
2:09 of 3rd period - Snap shot by Barrett Hayton.
2:09 of 3rd period - Shot Misses the Net.
2:14 of 3rd period - Minor Penalty to Ryan Graves for High sticking.
2:15 of 3rd period - Leo Carlsson wins face-off versus Cole Sillinger in Detroit Red Wings zone.
2:21 of 3rd period - Snap shot by Lucas Raymond.
2:21 of 3rd period - Stopped by Laurent Brossoit with a rebound.
4:14 of 3rd period - Penalty to Ryan Graves is over, Ryan Graves is back on ice.
4:20 of 3rd period - Wrist shot by Vasili Podkolzin.
4:20 of 3rd period - Stopped by Jesper Wallstedt with a rebound.
4:22 of 3rd period - Slapshot by Jackson LaCombe.
4:22 of 3rd period - Stopped by Jesper Wallstedt with a rebound.
4:24 of 3rd period - Wrist shot by Jackson LaCombe.
4:24 of 3rd period - Shot Misses the Net.
4:26 of 3rd period - Wrist shot by Brad Lambert.
4:26 of 3rd period - Stopped by Jesper Wallstedt with a rebound.
4:48 of 3rd period - Oliver Bjorkstrand is hit by Ryan Graves.
5:03 of 3rd period - Off-side.
5:04 of 3rd period - Matthew Beniers wins face-off versus Brad Lambert in neutral zone.
5:09 of 3rd period - Slapshot by Justin Faulk.
5:09 of 3rd period - Stopped by Laurent Brossoit with a rebound.
5:11 of 3rd period - Wrist shot by Shane Wright.
5:11 of 3rd period - Shot Misses the Net.
5:13 of 3rd period - Snap shot by Justin Faulk.
5:13 of 3rd period - Shot Misses the Net.
5:23 of 3rd period - Wrist shot by Cole Sillinger.
5:23 of 3rd period - Stopped by Jesper Wallstedt with a rebound.
5:52 of 3rd period - Snap shot by Lucas Raymond.
5:52 of 3rd period - Stopped by Laurent Brossoit with a rebound.
5:54 of 3rd period - Slapshot by Noah Dobson.
5:54 of 3rd period - Stopped by Laurent Brossoit without a rebound.
5:55 of 3rd period - Barrett Hayton wins face-off versus Cole Sillinger in Detroit Red Wings zone.
6:16 of 3rd period - Minor Penalty to Shayne Gostisbehere for Slashing.
6:17 of 3rd period - Kevin Stenlund wins face-off versus Barrett Hayton in Detroit Red Wings zone.
6:50 of 3rd period - Snap shot by Leo Carlsson.
6:50 of 3rd period - Shot Blocked by Collin Graf.
8:16 of 3rd period - Penalty to Shayne Gostisbehere is over, Shayne Gostisbehere is back on ice.
8:17 of 3rd period - Wrist shot by Shane Wright.
8:17 of 3rd period - Goal by Shane Wright - Detroit Red Wings : 1 - Chicago Black Hawks : 6.
8:18 of 3rd period - Matthew Beniers wins face-off versus Cutter Gauthier in neutral zone.
8:22 of 3rd period - Off-side.
8:23 of 3rd period - Cutter Gauthier wins face-off versus Matthew Beniers in neutral zone.
8:30 of 3rd period - Snap shot by Collin Graf.
8:30 of 3rd period - Shot Blocked by Shane Wright.
8:32 of 3rd period - Slapshot by Fraser Minten.
8:32 of 3rd period - Shot Blocked by Brent Burns.
8:34 of 3rd period - Wrist shot by Collin Graf.
8:34 of 3rd period - Shot Misses the Net.
9:10 of 3rd period - Slapshot by Trevor Zegras.
9:10 of 3rd period - Shot Hit the Post.
9:20 of 3rd period - Wrist shot by Trevor Zegras.
9:20 of 3rd period - Stopped by Laurent Brossoit with a rebound.
9:22 of 3rd period - Wrist shot by Bobby Brink.
9:22 of 3rd period - Shot Blocked by Shayne Gostisbehere.
9:32 of 3rd period - Oliver Bjorkstrand is hit by Collin Graf and loses puck.
10:15 of 3rd period - Snap shot by Vasili Podkolzin.
10:15 of 3rd period - Stopped by Jesper Wallstedt without a rebound.
10:16 of 3rd period - Vasili Podkolzin wins face-off versus Leo Carlsson in Chicago Black Hawks zone.
10:59 of 3rd period - Slapshot by Lucas Raymond.
10:59 of 3rd period - Deflect By Leo Carlsson.
10:59 of 3rd period - Deflect By Ryan Graves.
10:59 of 3rd period - Shot Misses the Net.
10:59 of 3rd period - Puck is out of play.
11:00 of 3rd period - Barrett Hayton wins face-off versus Cutter Gauthier in Detroit Red Wings zone.
11:21 of 3rd period - Minor Penalty to Zachary L'Heureux for Hooking.
11:22 of 3rd period - Leo Carlsson wins face-off versus Cole Sillinger in Detroit Red Wings zone.
11:47 of 3rd period - Kevin Stenlund is hit by Oliver Bjorkstrand and loses puck.
11:58 of 3rd period - Snap shot by Matthew Beniers.
11:58 of 3rd period - Goal by Matthew Beniers - Detroit Red Wings : 1 - Chicago Black Hawks : 7.
11:59 of 3rd period - Cole Sillinger wins face-off versus Matthew Beniers in neutral zone.
12:04 of 3rd period - Snap shot by Zachary L'Heureux.
12:04 of 3rd period - Shot Misses the Net.
12:06 of 3rd period - Snap shot by Zachary L'Heureux.
12:06 of 3rd period - Stopped by Jesper Wallstedt with a rebound.
12:08 of 3rd period - Snap shot by Zachary L'Heureux.
12:08 of 3rd period - Shot Misses the Net.
12:54 of 3rd period - Wrist shot by Barrett Hayton.
12:54 of 3rd period - Deflect By Ryan Suzuki.
12:54 of 3rd period - Shot Blocked by Jamie Drysdale.
12:54 of 3rd period - Puck is out of play.
12:55 of 3rd period - Cole Sillinger wins face-off versus Matthew Beniers in Detroit Red Wings zone.
13:04 of 3rd period - Eeli Tolvanen is hit by Dmitry Orlov and loses puck.
13:28 of 3rd period - Wrist shot by Fraser Minten.
13:28 of 3rd period - Shot Blocked by Christopher Tanev.
13:30 of 3rd period - Snap shot by Fraser Minten.
13:30 of 3rd period - Stopped by Jesper Wallstedt with a rebound.
14:06 of 3rd period - Slapshot by Brad Lambert.
14:06 of 3rd period - Shot Misses the Net.
14:08 of 3rd period - Snap shot by Vasili Podkolzin.
14:08 of 3rd period - Deflect By Nate Danielson.
14:08 of 3rd period - Stopped by Jesper Wallstedt with a rebound.
14:10 of 3rd period - Wrist shot by Brad Lambert.
14:10 of 3rd period - Stopped by Jesper Wallstedt without a rebound.
14:11 of 3rd period - Cole Sillinger wins face-off versus Barrett Hayton in Chicago Black Hawks zone.
14:18 of 3rd period - Wrist shot by Zachary L'Heureux.
14:18 of 3rd period - Shot Misses the Net.
14:35 of 3rd period - Minor Penalty to Noah Dobson for Holding.
14:36 of 3rd period - Leo Carlsson wins face-off versus Cole Sillinger in Chicago Black Hawks zone.
15:53 of 3rd period - Barrett Hayton is hit by Cutter Gauthier.
16:07 of 3rd period - Zachary L'Heureux is hit by Lucas Raymond and loses puck.
16:35 of 3rd period - Penalty to Noah Dobson is over, Noah Dobson is back on ice.
17:11 of 3rd period - Snap shot by Vasili Podkolzin.
17:11 of 3rd period - Shot Misses the Net.
17:13 of 3rd period - Wrist shot by Nate Danielson.
17:13 of 3rd period - Shot Misses the Net.
17:25 of 3rd period - Snap shot by Barrett Hayton.
17:25 of 3rd period - Shot Blocked by Jackson LaCombe.
17:27 of 3rd period - Snap shot by Oliver Bjorkstrand.
17:27 of 3rd period - Stopped by Laurent Brossoit with a rebound.
17:41 of 3rd period - Nate Danielson is hit by Shane Wright.
18:53 of 3rd period - Off-side.
18:54 of 3rd period - Matthew Beniers wins face-off versus Brad Lambert in neutral zone.
19:43 of 3rd period - Slapshot by Cole Sillinger.
19:43 of 3rd period - Stopped by Jesper Wallstedt without a rebound.
19:44 of 3rd period - Cole Sillinger wins face-off versus Brett Howden in Chicago Black Hawks zone.
19:47 of 3rd period - Wrist shot by Zachary L'Heureux.
19:47 of 3rd period - Stopped by Jesper Wallstedt with a rebound.
Goals for this period are 0 for Detroit Red Wings vs 2 for Chicago Black Hawks.
Shots for this period are 11 for Detroit Red Wings vs 8 for Chicago Black Hawks.
Back to the Top